Map: Orbital Shipyard

Players

fOru - Winner!

  • Race: Terran Terran
  • League: Diamond

ReacH

  • Race: Protoss Protoss
  • League: Platinum

VOD

Have the link to the VOD?

Description

Time

  • Played on: March 4, 2016, 5:50 p.m.
  • Length: 23:19
Show
View Real Time Build Order
Export as new Build Order

fOru Terran - Winner!

Build Orders: Reaper Expand, MMM Bio 

Get SALT Encoding   

  12  0:00  SCV  
  13  0:12  SCV  
  14  0:18  Supply Depot  
  14  0:25  SCV  
  15  0:39  SCV  
  16  0:43  Refinery  
  16  0:50  Barracks  
  16  0:51  SCV  
  17  1:04  SCV  
  18  1:16  SCV  
  19  1:36  Command Center  
  19  1:40  Orbital Command  
  19  1:45  Reaper  
  20  1:53  Supply Depot  
  20  2:10  Barracks  
  20  2:15  Barracks  
  20  2:25  SCV  
  21  2:37  SCV  
  21  2:42  Factory  
  22  2:50  SCV  
  23  2:55  Orbital Command  
  23  2:59  Barracks Reactor  
  23  3:01  Barracks Reactor  
  23  3:02  Barracks Reactor, SCV  
  23  3:03  Barracks Tech Lab  
  23  3:04  Marine  
  25  3:10  Refinery  
  25  3:14  SCV  
  26  3:21  Engineering Bay  
  26  3:22  Marine  
  26  3:26  SCV  
  27  3:34  SCV  
  27  3:37  Stimpack  
  27  3:38  Marine x3, SCV  
  27  3:40  Marine  
  33  3:46  SCV  
  33  3:48  Supply Depot  
  34  3:53  Factory Reactor  
  34  3:56  Marine  
  34  3:58  Starport  
  34  3:59  SCV x2  
  37  4:05  Supply Depot  
  37  4:08  Barracks Tech Lab  
  37  4:10  Marauder  
  37  4:11  Marine, SCV x2  
  42  4:23  SCV x2  
  44  4:25  Liberator  
  44  4:30  Missile Turret  
  44  4:32  Missile Turret  
  44  4:33  Marauder, Marine x2  
  44  4:34  Marine  
  49  4:45  SCV x2  
  54  4:50  Marine  
  55  4:53  Marine x2  
  55  4:54  Marine  
  55  4:57  Supply Depot  
  55  4:58  Combat Shields  
  57  5:19  Medivac  
  57  5:20  SCV x2  
  60  5:26  Command Center  
  60  5:28  Barracks  
  60  5:31  Barracks  
  60  5:32  SCV  
  60  5:33  Factory Reactor  
  61  5:43  Refinery x2  
  61  5:46  Supply Depot  
  61  5:47  Medivac, Supply Depot  
  63  5:55  SCV x2  
  65  6:01  Supply Depot  
  65  6:03  Supply Depot  
  65  6:07  SCV x2  
  67  6:20  Medivac x2  
  67  6:21  Marauder x2, Marine x2  
  67  6:23  Barracks Tech Lab  
  77  6:31  Barracks Reactor  
  76  6:43  Marauder  
  69  7:00  Marauder, Marine x2  
  69  7:01  Marauder  
  75  7:04  Marine  
  75  7:06  Starport  
  75  7:07  Terran Infantry Weapons Level 1  
  76  7:11  SCV x2  
  76  7:12  Engineering Bay  
  76  7:13  Armory  
  76  7:14  Orbital Command  
  78  7:17  Marine  
  78  7:18  Marine  
  78  7:21  Marine  
  78  7:22  Marauder  
  83  7:23  SCV x2  
  83  7:27  Marine x3  
  88  7:32  Refinery  
  88  7:35  SCV  
  88  7:36  SCV  
  90  7:39  Refinery  
  90  7:40  Marauder  
  90  7:42  Liberator  
  92  7:44  Liberator  
  92  7:48  SCV x2  
  92  7:50  Command Center, Missile Turret, SCV  
  95  7:53  Factory Reactor  
  95  7:56  Medivac x2  
  101  8:00  SCV x2  
  107  8:09  Terran Infantry Armor Level 1  
  107  8:10  Marauder, Marine x2  
  107  8:11  Marine  
  107  8:12  Marine x3  
  115  8:28  Marine  
  115  8:31  Liberator  
  115  8:32  SCV  
  117  8:36  Liberator  
  117  8:39  Supply Depot x3  
  117  8:40  Supply Depot  
  117  8:41  Terran Ship Weapons Level 1  
  117  8:43  SCV  
  117  8:44  SCV  
  117  8:45  SCV  
  114  8:57  Supply Depot, Engineering Bay  
  114  9:00  SCV  
  114  9:01  SCV x2  
  108  9:13  SCV x3  
  104  9:25  SCV x3  
  107  9:35  Missile Turret  
  107  9:37  SCV x3  
  110  9:48  Liberator x2  
  110  9:49  SCV x3  
  113  10:00  Terran Infantry Weapons Level 2  
  113  10:01  SCV x3  
  113  10:02  Terran Infantry Armor Level 2  
  122  10:07  Planetary Fortress  
  122  10:13  SCV x3  
  125  10:20  Missile Turret  
  125  10:25  Missile Turret, SCV x3  
  125  10:26  Barracks  
  125  10:28  Barracks  
  128  10:29  Barracks  
  128  10:37  SCV  
  128  10:38  SCV x2  
  128  10:41  Marine x3  
  128  10:42  Marauder x3, Marine  
  141  10:45  Liberator x2  
  141  10:59  Marine x4  
  141  11:03  Marauder x3  
  141  11:04  Liberator x2  
  157  11:07  Refinery x2  
  157  11:23  Ghost Academy  
  157  11:24  Marauder  
  157  11:25  Marauder x2  
  162  11:40  Command Center  
  162  11:42  Terran Ship Weapons Level 2  
  162  11:43  Liberator  
  161  11:48  Barracks Reactor, Barracks Tech Lab x2  
  161  11:55  Liberator  
  161  11:58  Marine x3  
  161  11:59  Marauder x3  
  171  12:05  Personal Cloaking  
  174  12:18  Supply Depot  
  174  12:20  Supply Depot  
  174  12:22  Supply Depot  
  174  12:23  Supply Depot  
  174  12:26  Missile Turret  
  174  12:31  Medivac x2  
  178  12:38  Terran Infantry Weapons Level 3  
  178  12:48  Terran Infantry Armor Level 3  
  178  12:55  Marine x5  
  183  13:37  Marauder x3, Marine x6  
  183  13:38  Marauder x2  
  198  13:54  Marine  
  198  13:55  Marine  
  199  14:07  Command Center  
  199  14:08  Ghost  
  199  14:15  Missile Turret x2  
  199  14:16  Building Armor, Fusion Core  
  199  14:18  Terran Ship Weapons Level 3  
  199  14:20  Starport  
  199  14:29  Planetary Fortress  
  199  15:02  Refinery  
  199  15:06  Refinery  
  199  15:15  Hi-Sec Auto Tracking  
  194  15:22  Starport Tech Lab  
  188  15:39  Command Center  
  173  16:08  Liberator  
  173  16:09  Liberator x4  
  173  16:24  Ghost x3  
  173  16:25  Ghost  
  177  16:32  Planetary Fortress  
  190  16:34  SCV  
  190  16:35  SCV x4  
  193  16:45  Missile Turret  
  193  16:47  SCV x5  
  198  16:55  Terran Vehicle And Ship Armor Level 1  
  198  17:12  Refinery  
  198  17:16  Refinery  
  198  17:20  Advanced Ballistics  
  198  17:24  Supply Depot  
  184  18:36  Liberator x3  
  135  18:51  Marauder, Marine x3  
  135  18:52  Marauder x3, Marine x3  
  135  18:54  Medivac x2  
  135  19:08  Planetary Fortress  
  135  19:09  Marine x4  
  132  19:13  Marauder x4  
  141  19:24  Medivac x2  
  145  19:34  Marauder x2  
  145  19:35  Marauder  
  145  19:36  Medivac x3  
  145  19:37  Marauder, Marine x2  
  145  19:38  Barracks Reactor, Marine, Barracks Tech Lab  
  161  19:39  Marine  
  161  19:45  Barracks x2  
  163  19:46  Barracks  
  163  19:54  Medivac x2, SCV x5  
  163  19:55  Marine x2  
  163  19:56  Marauder x3, Marine  
  163  19:59  Marauder  
  183  20:01  Ghost  
  183  20:05  Orbital Command  
  183  20:06  Medivac x3  
  191  20:16  SCV  
  191  20:17  Marauder x2, SCV x4  
  197  20:29  SCV x3  
  196  20:42  Marauder x2, Marine x2  
  200  20:48  Liberator  
  200  20:49  Liberator x4  
  173  21:24  Barracks Reactor, Barracks Tech Lab x2  
  173  21:25  Marauder x2, Marine x5  
  182  21:26  Marauder x3  
  182  21:31  Liberator x2  
  184  21:47  Marauder, Marine x3  
  184  21:48  Marauder x2  
  170  22:04  Marauder, Marine x5  
  170  22:05  Marauder x3, Marine  
  170  22:07  Liberator x2  
  170  22:08  Liberator  
  165  22:09  Marauder  
  167  22:27  Marauder, Marine x4  
  167  22:28  Marauder x5, Marine x4  
  196  22:30  Marine  
  194  22:53  Missile Turret  
Show
View Real Time Build Order
Export as new Build Order

ReacH Protoss 

Build Orders: 1 Gate Expand 

Get SALT Encoding   

  12  0:01  Probe (Chrono Boost)  
  13  0:12  Probe (Chrono Boost)  
  14  0:18  Pylon  
  14  0:22  Probe (Chrono Boost)  
  15  0:36  Gateway, Probe (Chrono Boost)  
  16  0:47  Probe (Chrono Boost)  
  16  0:48  Assimilator  
  17  0:57  Probe (Chrono Boost)  
  18  1:08  Probe (Chrono Boost)  
  19  1:24  Cybernetics Core  
  19  1:25  Probe (Chrono Boost)  
  20  1:38  Nexus  
  20  1:44  Probe (Chrono Boost)  
  21  1:50  Pylon  
  21  1:56  Assimilator  
  21  2:01  Adept (Chrono Boost)  
  21  2:08  Warp Gate, Probe  
  24  2:22  Probe  
  25  2:27  Robotics Facility  
  25  2:32  Adept (Chrono Boost)  
  25  2:35  Probe  
  28  2:47  Probe  
  28  2:52  Probe  
  29  3:00  Mothership Core  
  29  3:03  Probe  
  32  3:12  Twilight Council  
  32  3:13  Probe  
  33  3:20  Observer  
  33  3:28  Probe  
  33  3:32  Probe (Chrono Boost)  
  34  3:38  Adept (Chrono Boost)  
  36  3:42  Probe (Chrono Boost)  
  36  3:43  Warp Prism  
  36  3:46  Pylon  
  36  3:48  Resonating Glaives (Chrono Boost)  
  39  3:51  Probe  
  40  3:59  Pylon  
  40  4:00  Probe  
  41  4:05  Probe  
  42  4:12  Probe  
  42  4:13  Adept  
  45  4:17  Probe  
  45  4:19  Gateway  
  46  4:24  Probe  
  46  4:28  Gateway  
  46  4:29  Probe  
  48  4:36  Probe  
  49  4:39  Observer, Probe  
  49  4:44  Assimilator  
  49  4:45  Assimilator  
  51  4:47  Sentry  
  51  4:48  Probe  
  51  4:50  Probe  
  55  4:56  Pylon  
  55  5:00  Probe x2  
  57  5:12  Immortal (Chrono Boost)  
  57  5:13  Probe  
  56  5:19  Blink (Chrono Boost)  
  56  5:20  Probe  
  52  5:23  Forge  
  52  5:24  Forge  
  52  5:25  Probe  
  54  5:31  Probe  
  55  5:37  Probe  
  55  5:41  Probe  
  56  5:48  Observer  
  58  5:52  Probe  
  59  5:58  Protoss Ground Armor Level 1 (Chrono Boost), Protoss Ground Weapons Level 1 (Chrono Boost)  
  59  6:01  Adept x2  
  64  6:04  Probe  
  64  6:08  Warp Prism  
  64  6:10  Probe  
  67  6:11  Adept  
  67  6:16  Probe  
  70  6:19  Pylon  
  69  6:26  Pylon  
  69  6:44  Adept x3  
  73  6:51  Immortal  
  75  6:56  Pylon  
  75  6:59  Pylon  
  75  7:04  Gateway  
  75  7:07  Gateway  
  75  7:10  Adept x3  
  81  7:28  Nexus  
  81  7:29  Pylon  
  81  7:32  Immortal  
  85  7:40  Templar Archives  
  85  7:41  Protoss Ground Weapons Level 2 (Chrono Boost)  
  85  7:46  Stalker x3  
  91  7:56  Protoss Ground Armor Level 2 (Chrono Boost)  
  91  8:04  Adept x2  
  95  8:11  Adept x2  
  99  8:12  Pylon  
  99  8:15  Immortal  
  103  8:21  Psionic Storm  
  103  8:24  Stalker  
  105  8:37  Probe x2  
  107  8:49  Probe x2  
  107  8:55  High Templar  
  111  8:56  Stalker x2  
  111  8:58  Pylon  
  111  9:01  Assimilator  
  111  9:02  Pylon  
  115  9:03  Assimilator  
  115  9:11  Stalker x2  
  115  9:16  Gateway x2  
  119  9:18  Immortal  
  119  9:24  Stalker  
  119  9:25  Stalker  
  119  9:36  Pylon  
  119  9:39  Gateway x2  
  119  9:40  High Templar  
  121  9:53  Photon Cannon  
  121  9:56  Photon Cannon  
  121  9:58  Photon Cannon, Pylon  
  121  10:01  High Templar  
  121  10:02  High Templar  
  121  10:06  Archon  
  125  10:08  Stalker x2  
  125  10:13  Observer (Chrono Boost)  
  130  10:24  Probe  
  130  10:26  Probe x2  
  133  10:38  Stalker x7, Probe  
  148  10:53  Pylon  
  147  11:04  High Templar x2  
  147  11:07  Adept x2  
  147  11:08  Adept x3  
  147  11:11  Archon  
  161  11:33  Robotics Bay  
  161  11:40  Nexus  
  161  11:50  Pylon  
  161  11:51  High Templar, Pylon  
  161  11:52  High Templar  
  165  11:56  Protoss Ground Armor Level 3 (Chrono Boost)  
  165  11:59  Pylon  
  165  12:03  Protoss Ground Weapons Level 3 (Chrono Boost)  
  165  12:04  Pylon  
  165  12:22  Colossus  
  165  12:26  Robotics Facility  
  171  12:37  Assimilator  
  171  12:41  Pylon  
  171  12:42  Assimilator  
  171  12:44  Pylon  
  171  12:45  Pylon  
  171  12:47  Pylon  
  171  12:52  High Templar x2  
  171  12:53  Stalker x3, Pylon  
  181  13:01  Pylon  
  181  13:05  High Templar  
  183  13:06  Zealot  
  183  13:07  Zealot x2, Pylon  
  189  13:23  Colossus (Chrono Boost)  
  195  13:31  High Templar  
  195  13:32  Zealot  
  195  13:33  Zealot  
  194  13:51  Photon Cannon, Zealot x3  
  198  14:28  Nexus  
  198  14:33  Pylon  
  198  14:37  Nexus, Pylon  
  198  14:55  Gateway  
  198  14:56  Gateway  
  198  14:59  Gateway  
  198  15:01  Gateway  
  198  15:43  Warp Prism (Chrono Boost)  
  180  16:07  Colossus (Chrono Boost)  
  192  16:19  Colossus (Chrono Boost)  
  192  16:32  Photon Cannon  
  190  16:34  Photon Cannon x2, Pylon  
  190  16:35  Photon Cannon x2, Nexus  
  190  16:37  Photon Cannon, Pylon  
  184  16:48  Photon Cannon  
  184  16:51  Photon Cannon  
  184  16:53  Photon Cannon  
  184  16:55  Photon Cannon, Colossus (Chrono Boost)  
  190  17:04  Protoss Shields Level 1  
  190  17:05  Colossus (Chrono Boost)  
  186  17:18  Stargate  
  186  17:19  Stargate  
  186  17:26  Assimilator  
  186  17:28  Assimilator  
  184  17:41  Colossus (Chrono Boost)  
  190  17:47  Protoss Air Weapons Level 1 (Chrono Boost)  
  190  17:49  Observer  
  191  18:02  Colossus  
  191  18:06  Fleet Beacon  
  191  18:08  Dark Shrine  
  129  18:50  Colossus  
  129  18:51  Stalker  
  129  18:52  Stalker x7  
  117  18:56  Archon  
  109  19:17  Stalker x3  
  109  19:19  Colossus  
  109  19:22  Tempest x2  
  127  19:29  Protoss Air Weapons Level 2 (Chrono Boost)  
  125  19:32  Probe x3  
  125  19:33  Probe  
  125  19:34  Probe  
  124  19:44  High Templar x4, Probe  
  133  19:46  High Templar  
  135  20:02  Pylon  
  135  20:04  Archon x2  
  135  20:07  High Templar x8  
  151  20:19  Tempest  
  154  20:21  Archon  
  154  20:22  Archon x3  
  140  20:48  Dark Templar  
  137  21:02  Nexus  
  125  21:05  Stalker x5  
  125  21:06  Stalker  
  137  21:14  Archon  
  137  21:15  High Templar, Archon  
  139  21:30  Colossus  
  106  22:03  Colossus  
  103  22:29  High Templar  
  105  22:34  Nexus  
  80  22:59  Adept x2  
  80  23:00  Adept x2  
Tags
 
Add a new tag
Caveats
  • Supply blocks, unpowered buildings, or Contaminate may cause inaccurate times.
  • Supply counts are checked every 10 seconds.